AoeStats
← Chungus69

Arabia

504274163Analyzed
1v1 RM · 29d ago on Sep 4, 2026· 28m 32s· 2 players
Game mode
Random Map
Map size
Tiny (2 player)
Population
200
Speed
Normal
Resources
Standard
Victory
Conquest
Starting age
Dark Age
Ending age
Imperial Age
RankedLock teamsTeams togetherTeam positionsShared explorationLock speedFull tech treeHidden civsTurbo modeCheats
Victory
Defeat
🇪🇸 Tatars · Spain
794
+17
🇺🇸 Britons · United States
821
-29
XsFerA
11:54 Feudal Age
18:39 Castle Age
20:53 Gold Mining
20:56 Fletching
24:17 Double-Bit Axe
26:35 Ballistics
27:05 Padded Archer Armor
27:53 Husbandry
Chungus69
16:59 Feudal Age
17:20 Man-at-Arms
18:39 Wheelbarrow
18:53 Scale Mail Armor
19:05 Forging
18:59 Horse Collar
24:58 Padded Archer Armor
24:49 Fletching
27:15 Castle Age
Connection lost

Rejoining the realm…

Still unreachable

The connection could not be restored.

Session expired

The server has moved on; the page needs a fresh start.